 Dungeon Crawl Stone Soup version 0.28.0-53-g5a82cb258f (webtiles) character file.

Game seed: 2687871577706907696

10 nickcage the Cudgeller (level 2, -1/22 HPs)
             Began as a Formicid Gladiator on June 21, 2022.
             Slain by a kobold
             ... wielding a +0 short sword
              (3 damage)
             ... on level 1 of the Dungeon.
             The game lasted 00:00:53 (424 turns).

nickcage the Cudgeller (Formicid Gladiator)          Turns: 424, Time: 00:00:54

Health: -1/22      AC:  3    Str: 18    XL:     2   Next: 30%
Magic:  2/2        EV: 12    Int:  7    God:
Gold:   41         SH:  0    Dex: 12    Spells: 1/1 levels left

rFire   . . .      SeeInvis +   a - +0 flail
rCold   . . .      Faith    .   (no shield)
rNeg    . . .      Spirit   .   b - +0 leather armour
rPois   .          Reflect  .   (helmet unavailable)
rElec   .          Harm     .   (no cloak)
rCorr   .          Rampage  .   (no gloves)
Will    .....                   (no boots)
Stlth   +.........              (no amulet)
HPRegen 0.07/turn               (no ring)
MPRegen 0.08/turn               (no ring)

@: no status effects
A: permanent stasis, dig shafts and tunnels, antennae 3, four strong arms
a: Dig, Shaft Self


You were on level 1 of the Dungeon.
You visited 1 branch of the dungeon, and saw 1 of its levels.

You collected 41 gold pieces.

Inventory:

Hand Weapons
 a - a +0 flail (weapon)
Missiles
 c - 3 throwing nets (quivered)
Armour
 b - a +0 leather armour (worn)


   Skills:
 - Level 2.1 Fighting
 + Level 3.6 Maces & Flails
 - Level 2.0 Throwing
 - Level 2.6 Dodging


You had one spell level left.
You didn't know any spells.
Your spell library was empty.

Dungeon Overview and Level Annotations

Branches:
Dungeon (1/15)

Altars:


Innate Abilities, Weirdness & Mutations

You cannot be hasted, slowed, berserked, paralysed or teleported.
You can dig through walls and to a lower floor.
You have a pair of large antennae on your head. (SInv)
Your four strong arms can wield two-handed weapons with a shield.


Message History

You hit the ball python.
You kill the ball python!
No target in view!
No target in view!
No target in view!
There is an open door, spattered with blood here.
You now have 41 gold pieces (gained 12).
You sense a monster nearby.
A kobold comes into view. It is wielding a +0 short sword.
A goblin comes into view. It is wielding a +0 club.
Found a scroll labelled ILODWY KUHOMI.
The kobold shouts!
The goblin shouts!
The goblin moves out of view.
The goblin hits you with a +0 club.
You barely miss the kobold.
The kobold hits you with a +0 short sword.
The goblin closely misses you.
You barely miss the kobold. The kobold misses you.
The goblin hits you with a +0 club.
The kobold hits you with a +0 short sword.
You are too injured to fight recklessly!
You are too injured to fight recklessly!
You are too injured to fight recklessly!
You are too injured to fight recklessly!
You are too injured to fight recklessly!
You are too injured to fight recklessly!
You barely miss the kobold. The goblin hits you but does no damage.
The kobold hits you with a +0 short sword.
* * * LOW HITPOINT WARNING * * *
The goblin hits you with a +0 club.
* * * LOW HITPOINT WARNING * * *
You closely miss the goblin.
The kobold hits you with a +0 short sword.
* * * LOW HITPOINT WARNING * * *
The goblin barely misses you.
You hit the kobold but do no damage. The kobold closely misses you.
The goblin hits you but does no damage.
You barely miss the kobold.
The kobold hits you with a +0 short sword.
You die...

#?. #.. ### #.. .. #.#
#.. .# #.# .. # ####.#
#.# .# ## ## ##.##.#
#.##.#..##
.####...#.####........##
.'..............@K......
.####........####g#...##
## ##....##.# ..#.## #
#..####.# #.# #..# #.#
.# #..####.# .#
#.......# # #.#######
######.#


You could see a goblin and a kobold.

Vanquished Creatures
  A dart slug (D:1)
  2 endoplasms (D:1)
  2 ball pythons (D:1)
  A bat (D:1)
  2 frilled lizards (D:1)
  2 rats (D:1)
10 creatures vanquished.

Notes
Turn   | Place    | Note
-------+----------+-------------------------------------------
     0 | D:1      | nickcage the Formicid Gladiator began the quest for the
                  | Orb.
     0 | D:1      | Reached XP level 1. HP: 16/16 MP: 1/1
   183 | D:1      | Reached XP level 2. HP: 16/22 MP: 2/2
   424 | D:1      | Slain by a kobold

Illustrated notes

Levels and vault maps discovered:
D:1:      dpeg_arrival_shrine, layout_loops_corners, grunt_decor_clamped

Action                   || total
-------------------------++-------
Melee: Flail             ||    33
Armor: Leather armour    ||    13
Dodge: Dodged            ||    21
